 Dungeon Crawl Stone Soup version 0.29.0-4-gdea44cf6ec (webtiles) character file.

Game seed: 7785981033890681341

77 qw the Chopper (level 4, 0/26 HPs)
             Began as a Tengu Warper on Aug 28, 2022.
             Slain by an orc
             ... wielding a +0 hand axe
              (2 damage)
             ... on level 3 of the Dungeon.
             The game lasted 00:00:11 (2204 turns).

qw the Chopper (Tengu Warper)                       Turns: 2204, Time: 00:00:12

Health: 0/26       AC:  5    Str: 11 (14) XL:     4   Next: 34%
Magic:  8/8        EV: 14    Int: 10 (13) God:
Gold:   108        SH:  0    Dex: 12 (13) Spells: 7/7 levels left

rFire   + . .      SeeInvis .   Y - +0 hand axe
rCold   . . .      Faith    .   (no shield)
rNeg    . . .      Spirit   .   i - +0 ring mail
rPois   .          Reflect  .   (helmet restricted)
rElec   .          Harm     .   (no cloak)
rCorr   .          Rampage  .   (no gloves)
Will    .....                   (boots unavailable)
Stlth   +.........              (no amulet)
HPRegen 0.08/turn               d - ring of protection from fire
MPRegen 0.11/turn               j - +4 ring of evasion

@: no status effects
A: beak, talons 3
a: no special abilities


You were on level 3 of the Dungeon.
You visited 1 branch of the dungeon, and saw 3 of its levels.

You collected 108 gold pieces.


Innate Abilities, Weirdness & Mutations

You have a beak for a mouth.
You have claws for feet.


   Skills:
 - Level 2.0 Fighting
 + Level 4.9 Axes
 - Level 1.0 Throwing
 - Level 1.1 Armour
 - Level 2.1 Dodging
 - Level 2.0 Spellcasting
 - Level 2.4 Translocations


You had 7 spell levels left.
You didn't know any spells.
Your spell library contained the following spells:

 Spells                   Type           Power      Damage    Failure   Level
 Blink                    Tloc           10%        N/A       38%         2
 Gell's Gravitas          Tloc           5%         N/A       63%         3
 Lesser Beckoning         Tloc           5%         N/A       63%         3
 Teleport Other           Tloc           5%         N/A       63%         3
 Manifold Assault         Tloc           5%         N/A       100%        5

Inventory:

Hand Weapons
 g - a +0 club
 Y - a +0 hand axe (weapon)
Armour
 c - a +0 plate armour
 i - a +0 ring mail (worn)
Jewellery
 b - a ring of resist corrosion
 d - a ring of protection from fire (left hand)
 j - a +4 ring of evasion (right hand)
Scrolls
 a - a scroll of identify
Potions
 f - a potion of mutation
 h - a potion of might

Dungeon Overview and Level Annotations

Branches:
Dungeon (3/15)

Altars:


Message History

The orc closely misses you.
The orc priest calls down the wrath of Beogh upon you.
Beogh smites you!
You hear an angry hiss.
You slash the orc!
You kill the orc!
The orc priest looks braver for a moment.
You hit the orc. You claw the orc.
You kill the orc!
You hit the orc but do no damage. You claw the orc, but do no damage.
You peck the orc, but do no damage.
An adder comes into view.
The orc hits you with a +0 hand axe.
You hit the orc but do no damage. Your kick misses the orc.
The orc hits you but does no damage.
You closely miss the orc. Your kick misses the orc. The orc closely misses you.
The orc priest miscasts a cantrip.
You hit the orc but do no damage. You claw the orc, but do no damage.
You peck the orc, but do no damage. The orc barely misses you.
The orc priest mumbles some strange prayers to Beogh against you.
Beogh smites you!
Ouch! That really hurt!
You completely miss the orc. Your kick misses the orc.
The orc closely misses you.
You closely miss the orc. The orc hits you but does no damage.
You hit the orc but do no damage. The orc closely misses you.
You completely miss the orc. You claw the orc.
The orc is severely wounded.
The orc barely misses you.
You hit the orc but do no damage.
The orc is severely wounded.
The orc misses you.
You barely miss the orc. Your kick misses the orc.
The orc is severely wounded.
The orc closely misses you. The orc hits you with a +0 hand axe.
You die...

*,,,,,,* *,*+,,,**
*,**********,,,,,,,*
*,*,,,,,,,,,,,,,,,,*
*,*,*********,,,,,,*
*,*,* *,,,,,,* *,*,*
*,**,*** *,,,*
*,*,,,*
###############.#,,,*
#.....)...@ooS..#8_8*
#.#############.#****
#.#.......# ***
#.#.#####.#
#.#.###.#.#
#.#.....#.###########
#.#####...........%.#
#.#######.#########.#
#.........# #.#


You could see an orc priest, an adder and an orc.

Vanquished Creatures
  2 adders
  2 worms (D:2)
  2 dart slugs (D:1)
  3 orcs (D:3)
  2 endoplasms (D:2)
  5 goblins
  5 hobgoblins
  3 jackals (D:2)
  6 kobolds
  3 quokkas
  4 ball pythons
  4 bats
  A frilled lizard (D:1)
  3 rats
45 creatures vanquished.

Notes
Turn   | Place    | Note
-------+----------+-------------------------------------------
     0 | D:1      | qw the Tengu Warper began the quest for the Orb.
     0 | D:1      | Reached XP level 1. HP: 12/12 MP: 4/4
     0 | D:1      | 0 ||| qw: Version: 0.1-a-89-g26bdef1
     0 | D:1      | 0 ||| qw: Game counter: 90
     0 | D:1      | 0 ||| qw: Always use a shield: true
     0 | D:1      | 0 ||| qw: God list: Okawaru
     0 | D:1      | 0 ||| qw: Allow faded altars: false
     0 | D:1      | 0 ||| qw: Do Orc after D:15 true
     0 | D:1      | 0 ||| qw: Do second Lair branch before Depths: true
     0 | D:1      | 0 ||| qw: Lair rune preference: random
     0 | D:1      | 0 ||| qw: Plans: Normal
     0 | D:1      | 0 ||| PLANNING D:1-11
    84 | D:1      | Reached XP level 2. HP: 17/17 MP: 6/6
    95 | D:1      | Reached skill level 3 in Axes
   149 | D:1      | Found a faded altar of an unknown god.
   602 | D:1      | 602 ||| UPGRADING to +0 ring mail.
   612 | D:1      | 612 ||| DROPPING +0 leather armour.
   613 | D:1      | 613 ||| UPGRADING to ring of protection from fire.
   614 | D:1      | 614 ||| READING scroll labelled ORYDWU SEORADD.
   615 | D:1      | 615 ||| DROPPING scroll of blinking.
   720 | D:2      | Reached XP level 3. HP: 20/21 MP: 7/7
   732 | D:2      | 732 ||| Stepping ~*~*~tactically~*~*~ (stealth).
   739 | D:2      | 739 ||| Stepping ~*~*~tactically~*~*~ (stealth).
   750 | D:2      | 750 ||| Stepping ~*~*~tactically~*~*~ (stealth).
   751 | D:2      | 751 ||| Stepping ~*~*~tactically~*~*~ (stealth).
   857 | D:2      | Reached skill level 4 in Axes
  1452 | D:2      | You fall into a shaft and drop 1 floor!
  1453 | D:3      | 1453 ||| UPGRADING to +4 ring of evasion.
  1454 | D:3      | 1454 ||| READING 3 scrolls labelled DYDDOSM BUEPE.
  1455 | D:3      | 1455 ||| READING scroll labelled BEUXZALUTE.
  1456 | D:3      | 1456 ||| READING scroll labelled QAURGH TOAH.
  1457 | D:3      | 1457 ||| DRINKING 2 metallic emerald potions.
  1458 | D:3      | 1458 ||| READING 2 scrolls of identify.
  1458 | D:3      | 1458 ||| IDENTIFYING red potion
  1459 | D:3      | 1459 ||| DROPPING potion of degeneration.
  1680 | D:2      | Reached XP level 4. HP: 26/26 MP: 8/8
  1930 | D:2      | 1930 ||| READING 2 scrolls of identify.
  1930 | D:2      | 1930 ||| IDENTIFYING sapphire potion
  2198 | D:3      | HP: 1/26 [orc priest/divine providence (13)]
  2204 | D:3      | Slain by an orc

Levels and vault maps discovered:
D:1:      saegor_arrival_simple_d, layout_rooms,
          ebering_ecumenical_altar_petrified, st_stairs_10,
          chequers_serial_rivers_micro_e
D:2:      layout_loops_corners
D:3:      layout_basic, grunt_gozag_breadcrumbs, nicolae_overflow_crystal_walls,
          st_stairs_4, uniq_robin

Skill      XL: |  1  2  3 |
---------------+----------+-----
Axes           | 3 4 |  4.9
Fighting       | |  2.0
Throwing       | |  1.0
Armour         | |  1.1
Dodging        | |  2.1
Spellcasting   | |  2.0
Translocations | |  2.4

Action                   |  1- 3 |  4- 6 || total
-------------------------+-------+-------++-------
Melee: Hand axe          |    92 |    27 ||   119
       Kick              |    16 |     7 ||    23
       Peck              |    11 |     2 ||    13
Throw: Boomerang         |     7 |       ||     7
  Use: Scroll            |     5 |     1 ||     6
       Potion            |     1 |       ||     1
Armor: Leather armour    |     6 |       ||     6
       Ring mail         |    20 |     7 ||    27
Dodge: Dodged            |    45 |    14 ||    59

Table legend:
 A = Non-vault XP
 B = Vault XP
 C = Vault XP percentage of total XP
 D = Non-vault monster count
 E = Vault monster count
 F = Vault count percentage of total count
                 A         B        C        D         E       F
            +---------+---------+-------+---------+---------+-------
      Total |     108 |       3 |   2.7 |      43 |       2 |   4.4
            +---------+---------+-------+---------+---------+-------
        D:1 |      27 |       3 |  10.0 |      14 |       2 |  12.5
        D:2 |      56 |       0 |   0.0 |      24 |       0 |   0.0
        D:3 |      25 |       0 |   0.0 |       5 |       0 |   0.0
            +---------+---------+-------+---------+---------+-------
